 Dungeon Crawl Stone Soup version 0.26.1-11-gd32895ea62 (webtiles) character file.

Game seed: 7622972047351735828

1195 porpoise the Slinger (level 8, -6/55 HPs)
             Began as a Halfling Hunter on Apr 25, 2021.
             Mangled by Pikel
             ... wielding a +2 whip of electrocution
              (16 damage)
             ... on level 8 of the Dungeon.
             The game lasted 00:15:09 (6436 turns).

porpoise the Slinger (Halfling Hunter)              Turns: 6436, Time: 00:15:09

Health: -6/55      AC: 12    Str: 15    XL:     8   Next: 72%
Magic:  0/8        EV: 14    Int:  9    God:
Gold:   264        SH:  0    Dex: 18    Spells: 7/7 levels left

rFire    . . .     SeeInvis +   a - +2 hunting sling
rCold    . . .     Faith    .   (shield restricted)
rNeg     . . .     Spirit   +   r - +0 scale mail
rPois    .         Reflect  .   l - +1 helmet
rElec    .         Harm     .   (no cloak)
rCorr    .         Rampage  .   i - +2 pair of gloves {Dex+3}
Will     .....                  j - +0 pair of boots
Stlth    +.........             o - amulet of guardian spirit
HPRegen  0.18/turn              w - ring of see invisible
MPRegen  0.11/turn              (no ring)

@: no status effects
A: small, mutation resistance 1
a: no special abilities


You were on level 8 of the Dungeon.
You visited 1 branch of the dungeon, and saw 7 of its levels.

You collected 264 gold pieces.

Inventory:

Hand Weapons
 a - a +2 hunting sling (weapon)
 b - a +0 rapier
Missiles
 e - 82 stones
 f - 5 sling bullets (quivered ammo)
 m - a throwing net
Armour
 i - a +2 pair of gloves of dexterity (worn)
 j - a +0 pair of boots (worn)
 l - a +1 helmet (worn)
 r - a +0 scale mail (worn)
Jewellery
 n - an uncursed amulet of faith
 o - an amulet of guardian spirit (around neck)
 u - an uncursed ring of ice
 w - a ring of see invisible (left hand)
Wands
 d - a wand of digging (1)
Scrolls
 g - a scroll of identify
 k - 3 scrolls of remove curse
 p - a scroll of enchant armour
 s - 2 scrolls of enchant weapon
 v - a scroll of acquirement {unknown}
Potions
 h - 2 potions of lignification
 q - 2 potions of curing
 t - a potion of heal wounds
 x - a potion of flight


   Skills:
 - Level 5.0 Fighting
 + Level 11.8 Slings
 + Level 4.5 Dodging
 - Level 1.1 Stealth


You had 7 spell levels left.
You didn't know any spells.
Your spell library was empty.

Dungeon Overview and Level Annotations

Branches:
Dungeon (6/15)
 Temple: D:4-7

Altars:
Cheibriados
Fedhas
Gozag
Ru
Vehumet
Xom
Yredelemnul
Zin

Annotations:
D:3 2 runed translucent doors, TheGreatAnchovy's ghost, amateur DrBe
D:8 Pikel


Innate Abilities, Weirdness & Mutations

You are small and have problems with some larger weapons.
You are somewhat resistant to further mutation.


Message History

* * * LOW HITPOINT WARNING * * *
You are too injured to fight recklessly!
You are too injured to fight recklessly!
Unknown command.
You are too injured to fight recklessly!
You are too injured to fight recklessly!
Fire: 7 sling bullets
Press: ? - help, Q - select action, (/) - cycle Shift-Dir - straight line, f/p - Pikel
Aim: Pikel, wielding a +2 whip of electrocution and wearing a +0 robe (severely wounded, 64% to hit)
You shoot a sling bullet.
The sling bullet hits Pikel but does no damage.
Pikel is severely wounded.
Fire: 6 sling bullets
Press: ? - help, Q - select action, (/) - cycle Shift-Dir - straight line, f/p - Pikel
Aim: Pikel, wielding a +2 whip of electrocution and wearing a +0 robe (severely wounded, 64% to hit)
You shoot a sling bullet.
The sling bullet hits Pikel but does no damage.
Pikel is severely wounded.
Pikel hits you but does no damage.
You are electrocuted!!
You die...

>.. ... 5. 5S
######o# ########
#....#h#
#......###....#K#
+.............@.#
#......##########
#......# #......#
#......# ########


You could see Pikel, a water moccasin, a black bear, 2 lemures and an orc.

Vanquished Creatures
  2 phantoms
  A lemure (D:8)
  3 centaurs
  2 scorpions
  A howler monkey (D:4)
  A jelly (D:6)
  4 hounds
  2 orc wizards (D:6)
  3 orc priests
  Jessica (D:3)
  A worker ant (D:5)
  A hound skeleton (D:6)
  Robin (D:3)
  8 gnolls
  7 adders
  A shadow imp (D:4)
  A white imp (D:5)
  An ufetubus (D:6)
  2 worms
  2 dart slugs
  A leopard gecko (D:4)
  12 orcs
  8 giant cockroaches
  18 goblins
  14 hobgoblins
  6 jackals
  3 quokkas
  2 ball pythons
  6 bats
  3 frilled lizards
  7 kobolds
  A leopard gecko skeleton (D:4)
  7 rats
133 creatures vanquished.

Notes
Turn   | Place    | Note
-------+----------+-------------------------------------------
     0 | D:1      | porpoise the Halfling Hunter began the quest for the Orb.
     0 | D:1      | Reached XP level 1. HP: 14/14 MP: 1/1
    61 | D:1      | Reached skill level 6 in Slings
    66 | D:1      | Reached XP level 2. HP: 15/19 MP: 2/2
   355 | D:1      | Reached XP level 3. HP: 25/25 MP: 3/3
   955 | D:2      | Reached XP level 4. HP: 11/30 MP: 4/4
  1479 | D:2      | Reached skill level 7 in Slings
  1766 | D:3      | Noticed Robin
  1830 | D:3      | Noticed a phantom
  2565 | D:3      | Reached XP level 5. HP: 36/36 MP: 5/5
  2576 | D:3      | Killed Robin
  2841 | D:3      | Found a runed translucent door.
  3075 | D:3      | Found a runed translucent door.
  3165 | D:3      | Noticed a bullfrog
  3167 | D:3      | Noticed TheGreatAnchovy's ghost (amateur DrBe)
  3444 | D:3      | Noticed Jessica
  3447 | D:3      | Killed Jessica
  3448 | D:3      | Reached skill level 8 in Slings
  3448 | D:3      | Reached XP level 6. HP: 43/43 MP: 6/6
  3814 | D:4      | Killed a phantom
  4198 | D:4      | Reached skill level 9 in Slings
  4198 | D:4      | Reached XP level 7. HP: 46/49 MP: 7/7
  4539 | D:4      | Reached skill level 5 in Fighting
  4646 | D:4      | Found a snail-covered altar of Cheibriados.
  4868 | D:5      | Entered Level 5 of the Dungeon
  5170 | D:5      | Reached skill level 10 in Slings
  5288 | D:5      | Found a glowing silver altar of Zin.
  5317 | D:5      | Reached XP level 8. HP: 55/55 MP: 8/8
  5736 | D:5      | Reached skill level 11 in Slings
  6201 | D:6      | Found an opulent altar of Gozag.
  6201 | D:6      | Found a radiant altar of Vehumet.
  6283 | D:6      | Found a shimmering altar of Xom.
  6283 | D:6      | Found a basalt altar of Yredelemnul.
  6285 | D:6      | Found a sacrificial altar of Ru.
  6286 | D:6      | Found a blossoming altar of Fedhas.
  6289 | D:6      | You fall into a shaft and drop 2 floors!
  6409 | D:8      | Noticed Pikel
  6436 | D:8      | Mangled by Pikel

Illustrated notes

Levels and vault maps discovered:
D:1:      wander_arrival_abandoned_jail, layout_basic, st_stairs_14,
          grunt_decor_arrowhead, minivault_14, minmay_tetromino_o2
D:2:      layout_basic
D:3:      minmay_chambers_of_threes, layout_rooms, ebering_ghost_sewer_f,
          uniq_jessica, uniq_robin
D:4:      layout_basic, kennysheep_slug_shrine
D:5:      layout_loops_corners, zin_treasury
D:6:      layout_rooms, minitemple, minmay_temple_entry_slanted, led_sif_book
D:8:      layout_basic, ebering_ghost_rock_garden, hangedman_incinerator,
          uniq_pikel

Skill      XL: |  1  2  3  4  5  6  7  8 |
---------------+-------------------------+-----
Fighting       | 2 3 4 5 |  5.0
Slings         | 6 7 8 9 10 11 | 11.8
Dodging        | 4 |  4.5
Stealth        | |  1.1

Action                   |  1- 3 |  4- 6 |  7- 9 || total
-------------------------+-------+-------+-------++-------
Melee: Short sword       |    19 |     7 |       ||    26
       Rapier            |       |     3 |       ||     3
 Fire: Hunting sling     |    76 |   197 |   205 ||   478
  Use: Potion            |       |     1 |       ||     1
       Scroll            |       |     4 |     6 ||    10
Armor: Leather armour    |     6 |    17 |     3 ||    26
       Scale mail        |       |       |    27 ||    27
Dodge: Dodged            |    38 |    57 |    51 ||   146
